 Dungeon Crawl Stone Soup version 0.21-a0-372-gd0ff781 (webtiles) character file.

70 Dordric the Cudgeler (level 4, 40/40 HPs)
             Began as a Hill Orc Berserker on Oct 16, 2017.
             Was an Initiate of Beogh.
             Quit the game on level 3 of the Dungeon.
             The game lasted 00:04:41 (1775 turns).

Dordric the Cudgeler (Hill Orc Berserker)           Turns: 1775, Time: 00:04:42

Health: 40/40      AC: 12    Str: 19    XL:     4   Next: 22%
Magic:  4/4        EV:  3    Int:  7    God:    Beogh [......]
Gold:   108        SH:  7    Dex: 11    Spells: 3/3 levels left

rFire    + . .     SeeInvis .   g - +0 whip (venom)
rCold    x . .     Gourm    .   o - +0 shield
rNeg     . . .     Faith    .   k - +1 plate armour
rPois    .         Spirit   .   (no helmet)
rElec    .         Reflect  .   (no cloak)
rCorr    .         Harm     .   (no gloves)
MR       .....                  (no boots)
Stlth    ..........             (no amulet)
HPRegen  0.13/turn              l - ring of fire
MPRegen  0.09/turn              (no ring)

@: no status effects
A: no striking features
a: Renounce Religion


You were on level 3 of the Dungeon.
You worshipped Beogh.
Beogh was noncommittal.
You were not hungry.

You visited 1 branch of the dungeon, and saw 3 of its levels.

You collected 108 gold pieces.

Inventory:

Hand Weapons
 a - a +0 mace
 e - a +0 whip
 g - a +0 whip of venom (weapon)
Missiles
 n - 6 tomahawks (quivered)
Armour
 b - a +0 animal skin
 i - a +0 ring mail
 k - a +1 plate armour (worn)
 o - a +0 shield (worn)
Jewellery
 l - a ring of fire (left hand)
Scrolls
 j - a scroll of remove curse
Potions
 m - a potion of heal wounds {unknown}
Comestibles
 c - 5 bread rations
 d - 4 fruits
 f - a royal jelly
 h - a meat ration
 p - 2 chunks of flesh


   Skills:
 - Level 4.1 Fighting
 + Level 5.0 Maces & Flails
 - Level 2.2 Armour
 - Level 1.7 Dodging


You had 3 spell levels left.
You didn't know any spells.

Dungeon Overview and Level Annotations

Branches:
Dungeon (3/15)

Altars:
Fedhas
Kikubaaqudgha


Message History

No target in view!
No target in view!
No target in view!
No target in view!
No target in view!
No target in view!
No target in view!
No target in view!
No target in view!
No target in view!
No target in view!
No target in view!
Found an escape hatch in the floor.
You see here a frilled lizard corpse.
You butcher the frilled lizard corpse.
p - 2 chunks of flesh (gained 1)
Okay, then.
Unknown command.
No target in view!
Are you sure you want to abandon this character and quit the game? (Confirm with "yes".)

#.# . #.# . ..
# #.# ..#
#.#.#.#### ...
...#.#.. . .>
...#.#
....#.####.#.#
.......@†....#
..###.######.#
.. #.#
..####### #.#
.......#####.#
#
.####.........#
.
>.......#######
.########...#
.... ..#...#


There were no monsters in sight!

Vanquished Creatures
  A gnoll (D:1)
  A worm (D:2)
  2 dart slugs
  A bat (D:2)
  2 giant cockroaches (D:3)
  14 goblins
  6 hobgoblins
  6 jackals
  7 kobolds
  4 frilled lizards
  5 rats
49 creatures vanquished.

Vanquished Creatures (others)
  A kobold (D:3)
  A frilled lizard (D:3)
2 creatures vanquished.

Grand Total: 51 creatures vanquished

Notes
Turn   | Place    | Note
-------+----------+-------------------------------------------
     0 | D:1      | Dordric the Hill Orc Berserker began the quest for the Orb.
     0 | D:1      | Reached XP level 1. HP: 19/19 MP: 1/1
   101 | D:1      | Reached XP level 2. HP: 13/27 MP: 2/2
   294 | D:1      | Reached XP level 3. HP: 33/33 MP: 3/3
   334 | D:1      | Reached skill level 4 in Maces & Flails
   591 | D:1      | Reached ** piety under Trog
  1286 | D:2      | Reached XP level 4. HP: 40/40 MP: 4/4
  1388 | D:2      | Found an ancient bone altar of Kikubaaqudgha.
  1391 | D:2      | Found a blossoming altar of Fedhas.
  1688 | D:3      | Fell from the grace of Trog
  1688 | D:3      | Became a worshipper of Beogh the Brigand
  1765 | D:3      | Reached skill level 5 in Maces & Flails
  1775 | D:3      | Quit the game

Vault maps used:
D:1:      scummos_arrival_checkerplants, hex_large
D:2:      grunt_temple_overflow_growth_and_decay
D:3:      cheibrodos_fertilizer, lemuel_crystal_altar,
          nemelex_spade_bored_becter, uniq_jessica, uniq_ijyb

Skill      XL: |  1  2  3  4 |
---------------+-------------+-----
Fighting       | 4 |  4.1
Maces & Flails | 4 5 |  5.0
Armour         | |  2.2
Dodging        | |  1.7

Action                   |  1- 3 |  4- 6 || total
-------------------------+-------+-------++-------
Melee: Mace              |    16 |       ||    16
       Whip              |    96 |    29 ||   125
Invok: Convert to Beogh  |       |     1 ||     1
  Use: Scroll            |     6 |       ||     6
       Potion            |     2 |       ||     2
  Eat: Chunk             |     1 |     2 ||     3
Armor: Animal skin       |    16 |       ||    16
       Plate armour      |    27 |    10 ||    37
Dodge: Dodged            |    45 |     4 ||    49
Block: Shield            |       |    11 ||    11

Table legend:
 A = Spawn XP
 B = Non-spawn XP
 C = Spawn XP percentage of total XP
 D = Spawn monster count
 E = Non-spawn monster count
 F = Spawn count percentage of total count
 G = Total turns spent on level
                    A         B        C        D         E        F      G
               +---------+---------+-------+---------+---------+-------+---------
         Total |       0 |     101 |   0.0 |       0 |      49 |   0.0 |  1775
               +---------+---------+-------+---------+---------+-------+---------
           D:1 |       0 |      59 |   0.0 |       0 |      26 |   0.0 |   935
           D:2 |       0 |      32 |   0.0 |       0 |      16 |   0.0 |   749
           D:3 |       0 |      10 |   0.0 |       0 |       7 |   0.0 |    91
               +---------+---------+-------+---------+---------+-------+---------
